 Dungeon Crawl Stone Soup version 0.18.1-8-gdd0e5ea (webtiles) character file.

160 sveltemanboy the Caller (level 5, -2/31 HPs)
             Began as a Tengu Summoner on May 26, 2016.
             Slain by an orc wizard
             ... wielding a +0 dagger
              (4 damage)
             ... on level 3 of the Dungeon.
             The game lasted 00:10:43 (2959 turns).

sveltemanboy the Caller (Tengu Summoner)            Turns: 2959, Time: 00:10:43

Health: -2/31      AC:  5    Str:  9    XL:     5   Next: 41%
Magic:  1/9        EV: 10    Int: 16    God:
Gold:   44         SH:  0    Dex: 14    Spells: 2 memorised, 5 levels left

rFire  . . .     SeeInvis .     a - +0 spear
rCold  . . .     Gourm    .     d - +0 ring mail
rNeg   . . .     Faith    .     (no shield)
rPois  .         Spirit   .     (helmet restricted)
rElec  .         Dismiss  .     (no cloak)
rCorr  .         Reflect  .     (no gloves)
SustAt .         Harm     .     (boots unavailable)
MR     .....                    (no amulet)
Stlth  +.........               (no ring)
                                (no ring)

@: drained, not resistant to hostile enchantments, very unstealthy
A: beak, talons 3, able to fly 1
a: Fly


You were on level 3 of the Dungeon.
You were very hungry.

You visited 1 branch of the dungeon, and saw 3 of its levels.

You collected 44 gold pieces.

Inventory:

Hand Weapons
 a - a +0 spear (weapon)
Armour
 d - a +0 ring mail (worn)
Wands
 k - a wand of slowing (7/48)
Scrolls
 e - a scroll of amnesia {unknown}
 h - a scroll of fear {unknown}
 i - a scroll of identify {unknown}
Potions
 g - 6 potions of heal wounds {unknown}
Books
 b - a book of Callings

   Spells                             Type                      Level
   a - Summon Small Mammal            Summoning                    1
   b - Call Imp                       Summoning                    2
   c - Call Canine Familiar           Summoning                    3
   d - Summon Guardian Golem          Hexes/Summoning              3
   e - Summon Lightning Spire         Summoning/Air                4
   f - Summon Ice Beast               Ice/Summoning                4
Comestibles
 c - a bread ration
 f - 4 beef jerkies
 j - 2 chunks of flesh
 l - a meat ration


   Skills:
 + Level 2.4(2.2) Fighting
 * Level 1.6(1.5) Polearms
 + Level 2.4(2.2) Armour
 - Level 2.1(2.0) Dodging
 - Level 2.0(1.8) Stealth
 - Level 2.0(1.8) Spellcasting
 * Level 6.0(5.8) Summonings


You had 5 spell levels left.
You knew the following spells:

 Your Spells              Type           Power        Failure   Level  Hunger
a - Summon Small Mammal   Summ           ###.         8%          1    ##.....
b - Call Imp              Summ           ###.....     10%         2    ###....


Dungeon Overview and Level Annotations

Branches:
Dungeon (3/15)

Altars:
Okawaru
Pakellas


Innate Abilities, Weirdness & Mutations

You have a beak for a mouth.
You have claws for feet.
You can fly.


Message History

The orc is almost dead.
Your bat hits the orc wizard. The orc hits you with a dagger.
* * * LOW HITPOINT WARNING * * *
Your crimson imp misses the orc.
The orc moves out of view.
Your bat misses the orc wizard.
Your rat bites the orc.
The orc dies!
You are too injured to fight recklessly!
You barely miss the orc wizard.
The orc wizard is lightly wounded.
Your bat hits the orc wizard but does no damage.
Your crimson imp hits the orc wizard but does no damage.
You hit the orc wizard. You claw the orc wizard.
The orc wizard is moderately wounded.
Your bat hits the orc wizard but does no damage.
The orc wizard points at you and mumbles some strange words.
The puff of frost hits you!
* * * LOW HITPOINT WARNING * * *
Your crimson imp hits the orc wizard.
Your rat bites the orc wizard.
The orc wizard hits you with a dagger.
You die...

######### #.......#
#.#####.# #####
#.#####.#######...#
###.##..........@o.b######
#......##.#.....5r.......#
#.#.#####.#.####.#o####..#
#.#.......#.# #.#.## #
...########.# #.#..#
...###### #.# #.##)#
#.......###.# #.##)#
#...........####.##.#
#....>.....<........###..#


You could see an orc wizard, an orc, a friendly crimson imp, a friendly bat and
a friendly rat.

Vanquished Creatures
  An adder (D:2)
  A giant gecko (D:2)
  A ball python (D:1)
  A bat (D:1)
  6 goblins
  2 hobgoblins (D:2)
  2 jackals
  3 giant newts
  A kobold (D:1)
  2 rats (D:2)
20 creatures vanquished.

Vanquished Creatures (collateral kills)
  The ghost of Rationalist the Ducker, an amateur DsBe of Trog (D:3)
  Jessica (D:2)
  Terence (D:2)
  2 adders
  3 worms
  A dart slug (D:1)
  3 orcs
  2 bats (D:1)
  A giant cockroach (D:1)
  3 goblins
  3 hobgoblins
  3 jackals
  A quokka (D:2)
  A giant newt (D:1)
  2 kobolds
  3 rats (D:1)
31 creatures vanquished.

Grand Total: 51 creatures vanquished

Notes
Turn   | Place    | Note
--------------------------------------------------------------
     0 | D:1      | sveltemanboy the Tengu Summoner began the quest for the Orb.
     0 | D:1      | Reached XP level 1. HP: 10/10 MP: 4/4
   188 | D:1      | Reached skill level 5 in Summonings
   347 | D:1      | Reached skill level 1 in Armour
   347 | D:1      | Reached XP level 2. HP: 16/16 MP: 4/6
   549 | D:1      | Learned a level 2 spell: Call Imp
   745 | D:1      | Reached skill level 1 in Fighting
  1285 | D:2      | Reached XP level 3. HP: 20/20 MP: 4/7
  1875 | D:2      | Found an oddly glowing altar of Pakellas.
  2193 | D:2      | Noticed Terence
  2209 | D:2      | Killed Terence
  2209 | D:2      | Reached XP level 4. HP: 14/26 MP: 4/8
  2476 | D:2      | Noticed Jessica
  2478 | D:2      | Found an iron altar of Okawaru.
  2490 | D:2      | Killed Jessica
  2899 | D:3      | Noticed Rationalist's ghost (amateur DsBe)
  2924 | D:3      | Reached skill level 1 in Polearms
  2953 | D:3      | Killed Rationalist's ghost
  2953 | D:3      | Reached skill level 6 in Summonings
  2953 | D:3      | Gained mutation: You can fly. [Tengu growth]
  2953 | D:3      | Reached XP level 5. HP: 11/31 MP: 1/9
  2959 | D:3      | Slain by an orc wizard

Skill      XL: |  1  2  3  4 |
---------------+-------------+-----
Summonings     | 5 6 |  6.0
Armour         | 1 2 |  2.4
Fighting       | 1 2 |  2.4
Polearms       | 1 |  1.6
Dodging        | |  2.1
Stealth        | |  2.0
Spellcasting   | |  2.0

Action                   |  1- 3 |  4- 6 || total
-------------------------+-------+-------++-------
Melee: Unarmed           |   111 |       ||   111
       Kick              |    24 |     7 ||    31
       Peck              |    14 |     8 ||    22
       Spear             |     7 |    57 ||    64
 Cast: Summon Small Mamm |    51 |    20 ||    71
       Call Imp          |     2 |     2 ||     4
 Stab: Distracted        |     1 |       ||     1
       Sleeping          |     1 |       ||     1
  Eat: Chunk             |     6 |     2 ||     8
Armor: Ring mail         |    58 |    12 ||    70
Dodge: Dodged            |    66 |    15 ||    81
